 Dungeon Crawl Stone Soup version 0.28.0-1-gb440e238dd (webtiles) character file.

Game seed: 4382037201170422946

179 issech the Cudgeller (level 5, 0/53 HPs)
             Began as a Troll Monk on Feb 23, 2022.
             Slain by a wyvern skeleton (11 damage)
             ... on level 4 of the Dungeon.
             The game lasted 00:08:09 (2869 turns).

issech the Cudgeller (Troll Monk)                   Turns: 2869, Time: 00:08:09

Health: 0/53       AC:  4    Str: 19    XL:     5   Next: 33%
Magic:  4/4        EV: 10    Int:  6    God:
Gold:   135        SH:  0    Dex: 14    Spells: 4/4 levels left

rFire   . . .      SeeInvis .   j - +2 whip (flame)
rCold   . . .      Faith    .   (no shield)
rNeg    . . .      Spirit   .   b - +0 robe
rPois   .          Reflect  .   (helmet restricted)
rElec   .          Harm     .   (no cloak)
rCorr   .          Rampage  .   (gloves unavailable)
Will    .....                   (boots unavailable)
Stlth   ++........              s - amulet of regeneration
HPRegen 1.77/turn               (no ring)
MPRegen 0.09/turn               (no ring)

@: no status effects
A: large, unfitting armour, claws 3, regeneration 1, shaggy fur 1, tough skin 1
a: no special abilities


You were on level 4 of the Dungeon.
You visited 1 branch of the dungeon, and saw 4 of its levels.

You collected 135 gold pieces.

Inventory:

Hand Weapons
 a - a +0 mace
 j - a +2 whip of flaming (weapon)
 q - a +0 flail
Missiles
 c - 35 stones (quivered)
 g - 40 arrows
 i - 6 curare-tipped darts
 n - 6 javelins
 o - 4 poisoned darts
 p - 3 boomerangs
Armour
 b - a +0 robe (worn)
Jewellery
 s - an amulet of regeneration (around neck)
Wands
 r - a wand of acid (11)
Scrolls
 f - 2 scrolls of identify
 k - 2 scrolls of amnesia
 l - a scroll of silence
Potions
 d - a potion of lignification {unknown}
 e - a potion of brilliance {unknown}
 h - a potion of heal wounds {unknown}
 m - a potion of might {unknown}


   Skills:
 + Level 3.1 Fighting
 + Level 4.3 Maces & Flails
 + Level 3.1 Dodging
 + Level 1.2 Stealth


You had 4 spell levels left.
You didn't know any spells.
Your spell library contained the following spells:

 Spells                   Type           Power      Damage    Failure   Level
 Animate Skeleton         Necr           0%         N/A       45%         1
 Apportation              Tloc           0%         N/A       45%         1
 Beastly Appendage        Tmut           0%         N/A       45%         1
 Summon Small Mammal      Summ           0%         N/A       45%         1
 Wereblood                Tmut           0%         N/A       58%         2
 Conjure Flame            Conj/Fire      0%         6-21      83%         3
 Ignite Poison            Fire/Tmut/Pois 0%         N/A       83%         3
 Spider Form              Tmut/Pois      0%         N/A       83%         3
 Sticky Flame             Conj/Fire      0%         2d3       99%         4


Dungeon Overview and Level Annotations

Branches:
Dungeon (4/15)             Temple (0/1) D:4

Altars:
Xom

Annotations:
D:4 exclusion: oklob sapling


Innate Abilities, Weirdness & Mutations

You are too large for most types of armour.
You have claws for hands.
Your natural rate of healing is unusually fast.
You are covered in fur. (AC +1)
You have tough skin. (AC +1)


Message History

You completely miss the wyvern skeleton.
The wyvern skeleton is moderately damaged.
The wyvern skeleton bites you but does no damage.
You whack the orc wizard! You burn the orc wizard.
The orc wizard is severely wounded.
You hit the orc wizard. You burn the orc wizard.
You kill the orc wizard!
The orc priest looks satisfied for a moment.
An orc priest comes into view. It is wielding a +0 hand axe.
The orc priest hits the plant with a +0 club.
The plant begins to die.
The goblin hits you with a +0 club.
The orc priest shouts!
Things that are here:
a +0 dagger; a +0 robe; an orc corpse You whack the goblin!
You burn the goblin.
You kill the goblin!
You hit the wyvern skeleton. You burn the wyvern skeleton.
The wyvern skeleton is moderately damaged.
The wyvern skeleton bites you.
You hit the wyvern skeleton but do no damage.
The wyvern skeleton is moderately damaged.
The wyvern skeleton bites you!
You hit the wyvern skeleton. You burn the wyvern skeleton.
The wyvern skeleton is heavily damaged.
The wyvern skeleton bites you!
You whack the wyvern skeleton! You burn the wyvern skeleton.
The wyvern skeleton is almost destroyed.
A nearby plant withers and dies.
The wyvern skeleton completely misses you.
The orc priest invokes the aid of Beogh against you.
Beogh smites you!
* * * LOW HITPOINT WARNING * * *
You barely miss the wyvern skeleton.
The wyvern skeleton is almost destroyed.
The wyvern skeleton bites you but does no damage.
The orc priest looks satisfied for a moment.
You hit the wyvern skeleton but do no damage.
The wyvern skeleton is almost destroyed.
The wyvern skeleton bites you!
You die...

##.....##....
##......)#....
#.............
+............
#.....>......
####...<..o#
#..PP.P..)##
#.PPPP...####


#P.PPPP.oZ@.# #PPP>.P..##.# #.P..PP.###.# #.PPPP... #.# #P.P..P.. ... ###.#....
#.# #.##...##.# . #.. ..# ### You could see an oklob sapling, an orc priest and
a wyvern skeleton.

Vanquished Creatures
  2 orc wizards
  4 adders
  2 worms (D:2)
  5 dart slugs
  11 orcs
  4 ball pythons
  2 bats
  3 endoplasms
  2 giant cockroaches
  8 hobgoblins
  6 jackals
  2 quokkas
  4 frilled lizards
  3 goblins
  5 kobolds
  3 rats
66 creatures vanquished.

Vanquished Creatures (others)
  A plant (D:4)
1 creature vanquished.

Grand Total: 67 creatures vanquished

Notes
Turn   | Place    | Note
-------+----------+-------------------------------------------
     0 | D:1      | issech the Troll Monk began the quest for the Orb.
     0 | D:1      | Reached XP level 1. HP: 22/22 MP: 0/0
    79 | D:1      | Reached XP level 2. HP: 29/29 MP: 1/1
   363 | D:1      | Reached skill level 3 in Maces & Flails
   474 | D:1      | Found a faded altar of an unknown god.
   888 | D:2      | Reached XP level 3. HP: 32/36 MP: 2/2
  1000 | D:2      | Found a shimmering altar of Xom.
  1428 | D:2      | Reached XP level 4. HP: 44/44 MP: 3/3
  2324 | D:3      | Reached skill level 4 in Maces & Flails
  2379 | D:3      | Reached XP level 5. HP: 53/53 MP: 4/4
  2847 | D:4      | Found a staircase to the Ecumenical Temple.
  2869 | D:4      | Slain by a wyvern skeleton

Illustrated notes

Levels and vault maps discovered:
D:1:      nicolae_arrival_washed_ashore, layout_loops_ring,
          hellmonk_ecumenical_altar_crossroads
D:2:      layout_basic, basic_altar
D:3:      layout_loops_ring, chequers_serial_rivers_micro_a,
          grunt_decor_mini_mirrors
D:4:      layout_loops_corners, kennysheep_mini_moat, minmay_temple_entry_oklob

Skill      XL: |  1  2  3  4 |
---------------+-------------+-----
Maces & Flails | 3 4 |  4.3
Dodging        | 3 |  3.1
Fighting       | 3 |  3.1
Stealth        | |  1.2

Action                   |  1- 3 |  4- 6 || total
-------------------------+-------+-------++-------
Melee: Mace              |   113 |       ||   113
       Whip              |    18 |    85 ||   103
       Punch             |       |     2 ||     2
  Use: Scroll            |       |     2 ||     2
 Stab: Sleeping          |     1 |     1 ||     2
Armor: Robe              |    50 |    19 ||    69
Dodge: Dodged            |   107 |    34 ||   141
